 Dungeon Crawl Stone Soup version 0.30-a0-723-gc1506a1cf0 (webtiles) character file.

Game seed: 640963528930825618

385 porpoise the Cleaver (level 6, -7/57 HPs)
             Began as a Hill Orc Monk on Jan 29, 2023.
             Mangled by a black bear (8 damage)
             ... on level 5 of the Dungeon.
             The game lasted 00:09:38 (3366 turns).

porpoise the Cleaver (Hill Orc Monk)                Turns: 3366, Time: 00:09:38

Health: -7/57      AC:  6    Str: 13 (16) XL:     6   Next: 77%
Magic:  6/6        EV: 11    Int:  8 (10) God:
Gold:   137        SH:  0    Dex: 13      Spells: 5/5 levels left

rFire   . . .      SeeInvis +    a - +0 hand axe
rCold   . . .      Faith    .    (no shield)
rNeg    + . .      Spirit   .    g - +0 ring mail
rPois   .          Reflect  .    (no helmet)
rElec   .          Harm     .    (no cloak)
rCorr   .          Rampage  .    (no gloves)
Will    .....                    q - +0 pair of boots
Stlth   +                        (no amulet)
HPRegen 0.29/turn                i - ring of positive energy
MPRegen 0.10/turn                m - ring of see invisible

@: no status effects
A: see invisible
a: no special abilities


You were on level 5 of the Dungeon.
You visited 1 branch of the dungeon, and saw 5 of its levels.

You collected 137 gold pieces.

Inventory:

Hand Weapons
 a - a +0 hand axe (weapon)
 b - a +0 sling
Missiles
 k - 7 poisoned darts (quivered)
Armour
 g - a +0 ring mail (worn)
 q - a +0 pair of boots (worn)
Jewellery
 i - a ring of positive energy (left hand)
 m - a ring of see invisible (right hand)
 t - a ring of ice
Scrolls
 d - a scroll of teleportation {unknown}
 e - 4 scrolls of identify {unknown}
 l - 2 scrolls of blinking {unknown}
 p - a scroll of fog {unknown}
 u - a scroll of enchant weapon {unknown}
Potions
 c - 2 potions of ambrosia
 f - a potion of brilliance
 h - a potion of flight
 r - a potion of heal wounds {unknown}
 s - a potion of degeneration
 v - a potion of invisibility {unknown}


   Skills:
 + Level 5.9 Fighting
 * Level 8.3 Axes
 - Level 2.4 Dodging
 - Level 1.5 Stealth


You had 5 spell levels left.
You didn't know any spells.
Your spell library contained the following spells:

 Spells                   Type           Power      Damage    Failure   Level
 Necrotise                Necr           0%         1d4       67%         1
 Vampiric Draining        Necr           0%         2d6       96%         3
 Agony                    Necr           0%         N/A       100%        5


Dungeon Overview and Level Annotations

Branches:
Dungeon (5/15)
 Temple: D:4-7

Altars:
Okawaru

Shops:
D:2 :

Annotations:
D:4 Pikel


Innate Abilities, Weirdness & Mutations

You have supernaturally acute eyesight. (SInv)


Message History

You hit the black bear.
The black bear is heavily wounded.
You hit the endoplasm. The black bear closely misses you.
The black bear claws you.
* * * LOW HITPOINT WARNING * * *
The black bear claws you.
* * * LOW HITPOINT WARNING * * *
The endoplasm hits you but does no damage.
You barely miss the black bear.
The black bear is heavily wounded.
You hit the endoplasm but do no damage. The black bear closely misses you.
The black bear claws you but does no damage.
The black bear closely misses you. The endoplasm misses you.
You hit the black bear.
The black bear is severely wounded.
You hit the endoplasm.
You kill the endoplasm!
The black bear closely misses you.
The black bear claws you but does no damage.
The black bear closely misses you.
You hit the black bear but do no damage.
The black bear is severely wounded.
The black bear goes berserk!
You slash the black bear!
The black bear is almost dead.
The black bear barely misses you.
The black bear claws you but does no damage.
The black bear claws you.
* * * LOW HITPOINT WARNING * * *
You hit the black bear.
The black bear is almost dead.
The black bear bites you but does no damage.
The black bear claws you but does no damage. x2
You closely miss the black bear.
The black bear is almost dead.
The black bear completely misses you. The black bear barely misses you.
The black bear claws you.
* * * LOW HITPOINT WARNING * * *
The black bear bites you!
You die...

#........( #........(
+....((..? #...(.....
#..)...... #.........
#####...##... ..#
........##########.#
...............h@#.#
........#######..#.#
........## #..#.#
.........## #..#.#
..........## #..#.#
........#..####..#.#
........##...##..#.# #
........####.##..#.####.##
.>......# #.....)......[.


You could see a black bear (berserk).

Vanquished Creatures
  2 ogres (D:5)
  2 jellies
  A hound (D:4)
  An iguana (D:5)
  6 adders
  A worm (D:2)
  3 dart slugs
  4 bats
  4 endoplasms
  7 goblins
  3 hobgoblins
  4 quokkas
  7 ball pythons
  4 frilled lizards
  6 kobolds
  3 rats
58 creatures vanquished.

Notes
Turn   | Place    | Note
-------+----------+-------------------------------------------
     0 | D:1      | porpoise the Hill Orc Monk began the quest for the Orb.
     0 | D:1      | Reached XP level 1. HP: 19/19 MP: 1/1
   273 | D:1      | Reached XP level 2. HP: 25/27 MP: 2/2
  1009 | D:2      | Found Koicudd's Book Emporium.
  1145 | D:2      | Reached skill level 5 in Axes
  1145 | D:2      | Reached XP level 3. HP: 23/33 MP: 3/3
  1543 | D:2      | Reached XP level 4. HP: 32/41 MP: 4/4
  2058 | D:3      | Reached skill level 6 in Axes
  2143 | D:3      | Found a faded altar of an unknown god.
  2689 | D:4      | Reached XP level 5. HP: 21/47 MP: 5/5
  2868 | D:4      | Reached skill level 5 in Fighting
  2944 | D:4      | Found an iron altar of Okawaru.
  3073 | D:4      | Noticed a lemure
  3073 | D:4      | Noticed a lemure
  3073 | D:4      | Noticed a lemure
  3073 | D:4      | Noticed Pikel
  3094 | D:5      | Entered Level 5 of the Dungeon
  3103 | D:5      | Noticed an ogre
  3113 | D:5      | Killed an ogre
  3114 | D:5      | Reached skill level 7 in Axes
  3114 | D:5      | Reached XP level 6. HP: 25/56 MP: 6/6
  3292 | D:5      | HP: 1/56 [ogre/+0 giant spiked club (29)]
  3296 | D:5      | Gained mutation: You have supernaturally acute eyesight.
                  | (SInv) [potion of mutation]
  3302 | D:5      | Reached skill level 8 in Axes
  3333 | D:5      | Noticed a black bear
  3366 | D:5      | HP: 1/57 [black bear (4)]
  3366 | D:5      | Mangled by a black bear

Illustrated notes

Levels and vault maps discovered:
D:1:      dpeg_arrival_simpleton_a, layout_loops_corners, lemuel_flame_loot_1
D:2:      layout_loops_ring, serial_shops, shop
D:3:      layout_basic, nicolae_ecumenical_snake_handling,
          hangedman_decor_diamond_cutter
D:4:      layout_basic, general_overflow_altar, uniq_pikel
D:5:      layout_basic

Skill      XL: |  1  2  3  4  5  6 |
---------------+-------------------+-----
Fighting       | 4 5 |  5.9
Axes           | 5 6 7 8 |  8.3
Dodging        | |  2.4
Stealth        | |  1.5

Action                     |  1- 3 |  4- 6 || total
---------------------------+-------+-------++-------
  Melee: Hand axe          |    85 |   109 ||   194
         Punch             |     1 |       ||     1
   Fire: Sling             |    48 |     2 ||    50
  Throw: Dart              |       |     8 ||     8
    Use: Potion            |       |     6 ||     6
   Stab: Sleeping          |     3 |       ||     3
 Armour: Robe              |     9 |       ||     9
         Leather armour    |    12 |       ||    12
         Ring mail         |    11 |    44 ||    55
  Dodge: Dodged            |    58 |    69 ||   127

Table legend: (Time is in decaauts)
 A = Elapsed time spent in this place.
 B = Non-inter-level travel time spent in this place.
 C = Inter-level travel time spent in this place.
 D = Time resting spent in this place.
 E = Time spent auto-exploring this place.
 F = Levels seen in this place.
 G = Mean time per level.
                   A        B        C        D        E       F      G
               +--------+--------+--------+--------+--------+-----+--------+
         Total |   3388 |   3337 |     51 |    626 |   2067 |   5 |  677.6 |
       Dungeon |   3388 |   3337 |     51 |    626 |   2067 |   5 |  677.6 |
               +--------+--------+--------+--------+--------+-----+--------+

Top non-repeatable levels by time:
     D:1: 1003 daAuts
     D:2: 981 daAuts
     D:3: 623 daAuts
     D:4: 500 daAuts
     D:5: 279 daAuts
